cohdb
Replays
Latest Replays
All Replays
Popular Replays
Top Player Replays
Match Explorer
How It Works
Community
CoH3 Stats
Reddit
Sign in to upload your games and track your stats! →
Sign in with Steam
Match 45405978
Unlisted
Match 45405978
Overview
Messages
Build Orders
End
Panzergrenadier Squad
Selects Italian Infantry
Panzergrenadier Squad
250 Light Carrier
Panzergrenadier Squad
Construct Light Support Kompanie
Combat Half-tracks
Selects Guastatori Squad
Guastatori Squad
Fire Support Elements
Flakvierling Half-track
Selects Registered Artillery
Veteran Squad Leaders
Pak 38 Mechanized Group
Construct Panzerarmee Kommand
Guastatori Squad
2.5-tonne Medical Truck
Selects Defensive Operations
Armored Reserves
Panzer IV Assault Group
Selects Prepared Positions
Panzer IV Assault Group
Rapid Advance
Emergency Repair Kits
Registered Artillery
Selects Obice 305mm Barrage
Selects Towed Cannone da 105/28 Field Howitzer
Ermac
Xufe
豪师傅
⚓️Ruby⚓
0
0
Comments
sign in to comment!
No comments posted yet!